 Dungeon Crawl Stone Soup version 0.26-a0-672-g1df16c3386 (webtiles) character file.

Game seed: 14507510433964747221

4244 lunkers the Martial Artist (level 10, -11/71 HPs)
             Began as a Grey Draconian Transmuter on Oct 19, 2020.
             Was a Believer of Ru.
             Killed themself with a badly aimed burst of rock shards (18 damage)
             ... on level 10 of the Dungeon on Oct 20, 2020.
             The game lasted 00:22:21 (12365 turns).

lunkers the Martial Artist (DrTm)                  Turns: 12365, Time: 00:22:22

Health: -11/71     AC:  2    Str: 13    XL:     10   Next: 9%
Magic:  0/12       EV: 19    Int: 14    God:    Ru [**....]
Gold:   580        SH:  0    Dex: 19    Spells: 3/12 levels left

rFire    . . .     SeeInvis .     - Unarmed
rCold    . . .     Faith    .   (shield currently unavailable)
rNeg     + . .     Spirit   +   (armour unavailable)
rPois    x         Reflect  .   (helmet currently unavailable)
rElec    .         Harm     .   (cloak currently unavailable)
rCorr    +         Rampage  .   (gloves currently unavailable)
MR       .....                  (boots currently unavailable)
Stlth    ++........             I - amulet of guardian spirit
HPRegen  0.21/turn              m - ring of positive energy
MPRegen  0.13/turn              L - ring of resist corrosion

@: spider-form
A: tiny, (walk through water), unfitting armour, unskilled 1, AC +12
a: End Transformation, Renounce Religion


You were on level 10 of the Dungeon.
You worshipped Ru.
Ru was pleased with you.
You were a venomous arachnid creature.
You visited 2 branches of the dungeon, and saw 11 of its levels.

You collected 580 gold pieces.

Inventory:

Hand Weapons
 a - a +0 arbalest of flaming (melded)
 d - a +2 dagger of venom
Missiles
 E - 63 bolts
Armour
 b - a +0 pair of boots
 r - a +0 cloak (melded)
 G - a +0 pair of boots (melded)
 H - a +0 buckler
Jewellery
 m - a ring of positive energy (left front leg)
 I - an amulet of guardian spirit (around neck)
 L - a ring of resist corrosion (right front leg)
Wands
 u - a wand of polymorph (2)
 v - a wand of iceblast (3)
 w - a wand of random effects (12)
 F - a wand of flame (34)
 K - a wand of disintegration (27)
Scrolls
 c - 3 scrolls of immolation {unknown}
 f - 3 scrolls of remove curse
 g - 4 scrolls of enchant weapon {unknown}
 j - 2 scrolls of random uselessness {unknown}
 l - 6 scrolls of teleportation {unknown}
 n - 2 scrolls of fog {unknown}
 q - a scroll of noise {unknown}
 s - 3 scrolls of enchant armour {unknown}
 y - a scroll of torment {unknown}
 A - 4 scrolls of amnesia {unknown}
 B - 2 scrolls of blinking {unknown}
 D - 2 scrolls of identify
Potions
 e - 2 potions of curing
 h - 5 potions of might
 i - 3 potions of heal wounds
 k - a potion of degeneration {unknown}
 o - a potion of cancellation {unknown}
 p - 2 potions of mutation {unknown}
 t - 3 potions of flight {unknown}
 x - 4 potions of haste {unknown}
 z - a potion of brilliance {unknown}
 J - a potion of invisibility {unknown}
Miscellaneous
 C - a tin of tremorstones (3/3)


   Skills:
 - Level 1.0 Fighting
 - Level 1.5 Dodging
 + Level 9.9 Unarmed Combat
 - Level 1.7 Spellcasting
 + Level 9.7 Transmutations


You had 3 spell levels left.
You knew the following spells:

 Your Spells              Type           Power        Failure   Level
c - Spider Form           Tmut/Pois      ##........   24%         3
d - Blade Hands           Tmut           ####......   28%         5
p - Beastly Appendage     Tmut           ####..       3%          1

Your spell library contained the following spells:

 Spells                   Type           Power        Failure   Level
 Wereblood                Tmut           ####....     4%          2
 Freeze                   Ice            #...         45%         1
 Frozen Ramparts          Ice            #.....       78%         3
 Ozocubu's Armour         Ice            #.......     78%         3
 Ice Form                 Ice/Tmut       ##......     54%         4
 Hailstorm                Conj/Ice       #.......     98%         4
 Summon Ice Beast         Ice/Summ       #.......     98%         4


Dungeon Overview and Level Annotations

Branches:
Dungeon (10/15)            Temple (1/1) D:7
   Lair: D:8-11         Orc: D:9-12

Altars:
Ashenzari
Cheibriados
Dithmenos
Elyvilon
Fedhas
Gozag
Hepliaklqana
Kikubaaqudgha
Makhleb
Nemelex Xobeh
Okawaru
Qazlal
Ru
Sif Muna
Trog
Uskayaw
Vehumet
Wu Jian
Xom
Yredelemnul
Zin
The Shining One

Shops:
D:7 :

Annotations:
D:5 4 runed translucent doors


Innate Abilities, Weirdness & Mutations

((You can walk through water.))
((Your dull iron-grey scales are very hard. (AC +12)))
You cannot fit into any form of body armour.
((You can survive without breathing.))
((You are cold-blooded and may be slowed by cold attacks.))
You are somewhat unskilled. (-1 Apt)


Message History

* * * LOW HITPOINT WARNING * * *
An orc comes into view. It is wielding a +0 club.
Unknown command.
You hit the warg.
The warg is almost dead.
The warg bites you!!
* * * LOW MAGIC WARNING * * *
* * * LOW HITPOINT WARNING * * *
Evoke which item? (* to show all) (? for menu, Esc to quit)
The tremorstone explodes into fragments!
The burst of rock shards engulfs the ogre!
The burst of rock shards engulfs the warg!
You kill the warg!
The burst of rock shards engulfs the orc!
You kill the orc!
The burst of rock shards engulfs the orc priest!!
You kill the orc priest!
You feel a bit more experienced. The burst of rock shards engulfs you!!
* * * LOW MAGIC WARNING * * *
You die...

#.###......#
#.# #.#
##.#.###.#[#
#.# #.#
##.## #.#.#
#.# # #.#
#.#.# ## #.#
#.# #.#.# ..
########.#
#(#.# .#
.†.......#
#.#.# .#
##########
#.#.##o##
#...s†).#
######O)#
..# o.# .h(
.... ....o
....((


You could see an ogre and an orc priest.

Vanquished Creatures
  A centaur zombie (D:10)
  A hornet (D:9)
  Grinder (D:2)
  A yak (D:9)
  A warg (D:10)
  An ice beast (D:8)
  A sky beast (D:8)
  2 orc warriors
  A phantom (D:3)
  3 centaurs
  3 ogres
  2 big kobolds
  4 bullfrogs
  A killer bee (D:5)
  8 scorpions
  A howler monkey (D:10)
  2 bullfrog zombies
  A quasit (D:8)
  4 orc priests
  A bullfrog skeleton (D:8)
  10 hounds
  4 jellies
  Jessica (D:3)
  Crazy Yiuf (D:2)
  Ijyb (D:4)
  Natasha (twice) (D:2)
  3 iguanas
  4 orc wizards
  4 worker ants
  A hound zombie (D:7)
  A hound skeleton (D:5)
  Robin (D:2)
  A gnoll (D:5)
  9 adders
  3 shadow imps
  4 white imps
  4 ufetubi
  3 adder skeletons
  3 adder zombies
  A worm (D:4)
  3 dart slugs
  5 leopard geckos
  24 orcs
  6 giant cockroaches
  15 goblins
  9 hobgoblins
  16 jackals
  4 quokkas
  6 ball pythons
  14 bats
  3 frilled lizards
  15 kobolds
  8 rats
229 creatures vanquished.

Vanquished Creatures (others)
  6 fungi
6 creatures vanquished.

Grand Total: 235 creatures vanquished

Notes
Turn   | Place    | Note
-------+----------+-------------------------------------------
     0 | D:1      | lunkers the Draconian Transmuter began the quest for the
                  | Orb.
     0 | D:1      | Reached XP level 1. HP: 16/16 MP: 3/3
   339 | D:1      | Reached XP level 2. HP: 23/23 MP: 3/5
   857 | D:1      | Reached XP level 3. HP: 28/28 MP: 4/6
   905 | D:1      | Learned a level 3 spell: Spider Form
  1298 | D:2      | Reached XP level 4. HP: 35/35 MP: 5/7
  1438 | D:2      | Found a glowing silver altar of Zin.
  1449 | D:2      | Noticed Robin
  1451 | D:2      | Noticed an angel
  1970 | D:2      | Noticed Natasha
  1989 | D:2      | Killed Natasha
  2079 | D:2      | Noticed Natasha
  2097 | D:2      | Killed Robin
  2352 | D:2      | Killed Natasha
  2352 | D:2      | Reached XP level 5. HP: 13/40 MP: 1/8
  2580 | D:2      | Found a glowing golden altar of the Shining One.
  2604 | D:2      | Found a shimmering altar of Xom.
  2835 | D:2      | Found a runed translucent door.
  2836 | D:2      | Noticed Crazy Yiuf
  2845 | D:2      | Killed Crazy Yiuf
  2878 | D:3      | Noticed Grinder
  2947 | D:2      | Paralysed by Grinder for 3 turns
  2949 | D:2      | Killed Grinder
  2949 | D:2      | Reached skill level 5 in Unarmed Combat
  2949 | D:2      | Reached skill level 5 in Transmutations
  2949 | D:2      | Reached XP level 6. HP: 27/47 MP: 6/9
  3566 | D:3      | Noticed Jessica
  3570 | D:3      | Killed Jessica
  3777 | D:3      | Found an iron altar of Okawaru.
  3779 | D:3      | Found a glowing golden altar of the Shining One.
  4089 | D:3      | Your scales start taking on a dull iron-grey colour.
  4089 | D:3      | Reached XP level 7. HP: 21/52 MP: 3/10
  4089 | D:3      | Gained mutation: You can survive without breathing. [Grey
                  | Draconian growth]
  4280 | D:4      | Learned a level 5 spell: Blade Hands
  4354 | D:4      | Noticed Ijyb
  4364 | D:4      | Killed Ijyb
  4976 | D:4      | HP: 1/52 [orc wizard/magic dart (9)]
  5670 | D:5      | Entered Level 5 of the Dungeon
  6155 | D:5      | Reached XP level 8. HP: 58/59 MP: 8/11
  6240 | D:5      | Found a large runed translucent door.
  6241 | D:5      | Found a large runed translucent door.
  6277 | D:5      | Found a large runed translucent door.
  6277 | D:5      | Found a large runed translucent door.
  7405 | D:6      | Found a shadowy altar of Dithmenos.
  7405 | D:6      | Found a hide-covered altar of Uskayaw.
  7408 | D:6      | Found a shimmering blue altar of Sif Muna.
  7408 | D:6      | Found a sparkling altar of Nemelex Xobeh.
  7616 | D:6      | Found a hazy altar of Hepliaklqana.
  8300 | D:7      | Found Xetuv's Book Shoppe.
  8417 | D:7      | Found a staircase to the Ecumenical Temple.
  8432 | Temple   | Entered the Ecumenical Temple
  8487 | Temple   | Became a worshipper of Ru the Awakened
  8749 | D:7      | Found a sparkling altar of Nemelex Xobeh.
  9000 | D:8      | Reached XP level 9. HP: 46/64 MP: 7/12
  9502 | D:8      | Found an iron altar of Okawaru.
  9727 | D:8      | Gained mutation: You are somewhat unskilled. (-1 Apt) [Ru
                  | sacrifice]
  9727 | D:8      | Reduced skill Spellcasting to level 1
  9727 | D:8      | Reached * piety under Ru
  9727 | D:8      | Reached ** piety under Ru
 10383 | D:9      | Paralysed by a hornet for 2 turns
 11329 | D:10     | Entered Level 10 of the Dungeon
 12119 | D:10     | Reached XP level 10. HP: 58/71 MP: 7/12
 12365 | D:10     | Killed themself with a badly aimed burst of rock shards

Illustrated notes

Levels and vault maps discovered:
D:1:      onia_arrival_pyramid, layout_loops_ring
D:2:      minmay_inner_zag, layout_rooms,
          grunt_temple_overflow_order_and_chaos_1, lemuel_altar_in_water,
          uniq_crazy_yiuf_cottage, uniq_robin, uniq_natasha
D:3:      layout_rooms, minitemple, minivault_25, uniq_jessica, uniq_grinder
D:4:      layout_basic, uniq_ijyb
D:5:      old_forge, layout_basic, kennysheep_decorative_pillar,
          minmay_hollow_rounded_squares
D:6:      layout_basic, chequers_temple_overflow_statue_of_worship,
          marbit_many_paths
D:7:      layout_rooms, minmay_temple_entry_trees, serial_shops, shop,
          nemelex_lonely_heart_becter
D:8:      layout_loops_ring, okawaru_trees_2
D:9:      layout_basic
D:10:     statuecave_lemuel, layout_loops_ring, erik_lair_orcish_takeover
Temple:   cyrus_circular_temple

Skill      XL: |  1  2  3  4  5  6  7  8  9 |
---------------+----------------------------+-----
Unarmed Combat | 4 5 6 7 8 9 |  9.9
Transmutations | 3 4 5 6 8 9 |  9.7
Spellcasting   | 1 |  1.7
Fighting       | |  1.0
Dodging        | |  1.5

Action                   |  1- 3 |  4- 6 |  7- 9 | 10-12 || total
-------------------------+-------+-------+-------+-------++-------
Melee: Unarmed           |    89 |   180 |   335 |    11 ||   615
       Kick              |    14 |     4 |       |       ||    18
       Headbutt          |     7 |     8 |       |       ||    15
       Tailslap          |     6 |     7 |    10 |       ||    23
       Punch             |       |     1 |     2 |       ||     3
 Fire: Arbalest          |       |       |   101 |    13 ||   114
 Cast: Beastly Appendage |    23 |     8 |       |       ||    31
       Spider Form       |       |    16 |    35 |     4 ||    55
Invok: Sacrifice Skill   |       |       |     1 |       ||     1
  Use: Potion            |       |       |     4 |       ||     4
       Scroll            |       |       |     4 |       ||     4
 Stab: Sleeping          |     1 |     1 |     2 |     1 ||     5
       Held in net/web   |       |       |     2 |       ||     2
Armor: Skin              |    28 |    54 |    93 |     7 ||   182
Dodge: Dodged            |    52 |   128 |   331 |     8 ||   519

Table legend: (Time is in decaauts)
 A = Elapsed time spent in this place.
 B = Non-inter-level travel time spent in this place.
 C = Inter-level travel time spent in this place.
 D = Time resting spent in this place.
 E = Time spent auto-exploring this place.
 F = Levels seen in this place.
 G = Mean time per level.
                   A        B        C        D        E       F      G
               +--------+--------+--------+--------+--------+-----+--------+
         Total |  12415 |  12077 |    338 |   1173 |   8930 |  11 | 1128.6 |
       Dungeon |  12351 |  12021 |    330 |   1173 |   8880 |  10 | 1235.1 |
        Temple |     63 |     55 |      8 |      0 |     50 |   1 |   63.0 |
               +--------+--------+--------+--------+--------+-----+--------+

Top non-repeatable levels by time:
     D:9: 1677 daAuts
     D:1: 1624 daAuts
     D:5: 1565 daAuts
     D:2: 1451 daAuts
     D:4: 1450 daAuts
     D:3: 1204 daAuts
     D:8: 1010 daAuts
     D:6: 991 daAuts
    D:10: 734 daAuts
     D:7: 640 daAuts
  Temple: 63 daAuts
